 Dungeon Crawl Stone Soup version 0.29-a0-322-g68df515428 (webtiles) character file.

Game seed: 11972466971777372059

69 Alarak the Chopper (level 4, 0/41 HPs)
             Began as a Hill Orc Monk on Apr 8, 2022.
             Slain by Natasha (5 damage)
             ... on level 2 of the Dungeon.
             The game lasted 00:02:07 (1690 turns).

Alarak the Chopper (Hill Orc Monk)                  Turns: 1690, Time: 00:02:08

Health: 0/41       AC:  7    Str: 15    XL:     4   Next: 20%
Magic:  4/4        EV: 11    Int: 10    God:
Gold:   62         SH:  0    Dex: 13    Spells: 3/3 levels left

rFire   . . .      SeeInvis .   a - +0 hand axe
rCold   . . .      Faith    .   (no shield)
rNeg    . . .      Spirit   .   g - +0 ring mail
rPois   .          Reflect  .   e - +1 helmet
rElec   .          Harm     .   (no cloak)
rCorr   .          Rampage  .   (no gloves)
Will    .....                   (no boots)
Stlth   +.........              (no amulet)
HPRegen 0.13/turn               (no ring)
MPRegen 0.09/turn               (no ring)

@: slowed, very slow
A: no striking features
a: no special abilities


You were on level 2 of the Dungeon.
You visited 1 branch of the dungeon, and saw 2 of its levels.

You collected 62 gold pieces.

Inventory:

Hand Weapons
 a - a +0 hand axe (weapon)
Armour
 e - a +1 helmet (worn)
 g - a +0 ring mail (worn)
Scrolls
 d - 2 scrolls of immolation
Potions
 b - a potion of flight {unknown}
 c - a potion of ambrosia
 f - a potion of might {unknown}


   Skills:
 + Level 4.7 Fighting
 + Level 5.6 Axes
 - Level 2.4 Dodging
 - Level 1.5 Stealth


You had 3 spell levels left.
You didn't know any spells.
Your spell library contained the following spells:

 Spells                   Type           Power      Damage    Failure   Level
 Apportation              Tloc           0%         N/A       58%         1
 Pain                     Necr           0%         1d4       58%         1
 Sting                    Tmut/Pois      0%         1d3       58%         1
 Scorch                   Fire           0%         2d5       75%         2
 Flame Wave               Conj/Fire      0%         2d4       100%        4
 Summon Cactus Giant      Summ           0%         N/A       100%        6


Dungeon Overview and Level Annotations

Branches:
Dungeon (2/15)

Altars:

Annotations:
D:2 Natasha


Message History

Natasha misses you.
You hit Natasha.
Natasha is heavily wounded.
Natasha claws you! Natasha closely misses you.
You are too injured to fight recklessly!
You are too injured to fight recklessly!
You are too injured to fight recklessly!
You are too injured to fight recklessly!
You are too injured to fight recklessly!
You are too injured to fight recklessly!
You are too injured to fight recklessly!
You are too injured to fight recklessly!
You are too injured to fight recklessly!
You are too injured to fight recklessly!
You hit Natasha.
You kill Natasha!
Natasha growls in agony!
You have reached level 4!
(D) Dungeon
Where to? (Enter - D:2, ? - help)
You feel yourself speed up.
Natasha, Servant of Life and Death comes into view.
Natasha hisses angrily.
Natasha casts a spell at you.
You feel yourself slow down.
Natasha hisses.
There is an open door here.
Natasha casts a spell at you. The magic dart hits you. Natasha claws you.
You hit Natasha.
Natasha is moderately wounded.
Natasha claws you but does no damage. Natasha casts a spell at you.
The magic dart hits you!
* * * LOW HITPOINT WARNING * * *
You slash Natasha!
Natasha is severely wounded.
Natasha claws you.
You die...

#.#........##+###'##
#.#........#.......#
#.#........#.......#
......)...##.......#
...................#
...................####
...........÷..#........
#.)...........##########.#.
.>............'h@..).......
#.#...........#####.####.##.
#.#.........................
#.#.......)....####..###+####
#.########.....# ##.........
.........÷÷.##.# #)........
## .........##+# #.........
.......... ##.##+####
........... #..


You could see Natasha.

Vanquished Creatures
  Natasha (D:2)
  2 adders (D:2)
  A worm (D:2)
  6 bats
  A giant cockroach (D:1)
  A goblin (D:1)
  A hobgoblin (D:1)
  4 jackals (D:1)
  4 kobolds
  2 quokkas (D:1)
  A rat (D:2)
24 creatures vanquished.

Notes
Turn   | Place    | Note
-------+----------+-------------------------------------------
     0 | D:1      | Alarak the Hill Orc Monk began the quest for the Orb.
     0 | D:1      | Reached XP level 1. HP: 19/19 MP: 1/1
   583 | D:1      | Reached XP level 2. HP: 27/27 MP: 2/2
  1205 | D:1      | Found a faded altar of an unknown god.
  1281 | D:2      | Got Febriner's Witchcraft, Part One
  1302 | D:2      | Reached XP level 3. HP: 27/34 MP: 3/3
  1373 | D:2      | Reached skill level 5 in Axes
  1653 | D:2      | Noticed Natasha
  1666 | D:2      | Killed Natasha
  1667 | D:2      | Reached XP level 4. HP: 17/41 MP: 4/4
  1679 | D:2      | Noticed Natasha
  1690 | D:2      | Slain by Natasha

Illustrated notes

Levels and vault maps discovered:
D:1:      dpeg_arrival_pits, layout_loops_ring, shapermc_ecumenical_altar_petra
D:2:      layout_basic, uniq_natasha

Skill      XL: |  1  2  3 |
---------------+----------+-----
Fighting       | 4 |  4.7
Axes           | 5 |  5.6
Dodging        | |  2.4
Stealth        | |  1.5

Action                   |  1- 3 |  4- 6 || total
-------------------------+-------+-------++-------
Melee: Hand axe          |   108 |     2 ||   110
       Punch             |     1 |       ||     1
  Use: Scroll            |     1 |       ||     1
Armor: Robe              |    32 |       ||    32
       Ring mail         |    30 |     1 ||    31
Dodge: Dodged            |   114 |       ||   114

Table legend: (Time is in decaauts)
 A = Elapsed time spent in this place.
 B = Non-inter-level travel time spent in this place.
 C = Inter-level travel time spent in this place.
 D = Time resting spent in this place.
 E = Time spent auto-exploring this place.
 F = Levels seen in this place.
 G = Mean time per level.
                   A        B        C        D        E       F      G
               +--------+--------+--------+--------+--------+-----+--------+
         Total |   1707 |   1635 |     72 |    659 |    708 |   2 |  853.5 |
       Dungeon |   1707 |   1635 |     72 |    659 |    708 |   2 |  853.5 |
               +--------+--------+--------+--------+--------+-----+--------+

Top non-repeatable levels by time:
     D:1: 1279 daAuts
     D:2: 428 daAuts
